[Event "1st Anfield Cup 2022"]
[Site "Kyiv"]
[Date "2022.09.25"]
[Round "9.4"]
[White "Samunenkov, Ihor"]
[Black "Grebeniuk, Semen"]
[Result "0-1"]
[ECO "A80"]
[WhiteElo "2469"]
[BlackElo "2315"]
[Annotator "TA"]
[PlyCount "128"]
[EventDate "2022.09.20"]
[EventType "swiss"]
[EventCountry "UKR"]
[SourceTitle "playchess.com"]
[Source "ChessBase"]
[SourceQuality "1"]
[TimeControl "900+10"]

1. d4 f5 2. Nc3 Nf6 3. Bg5 d5 4. Bxf6 exf6 5. e3 Be6 6. Bd3 Na6 {[%emt 0:01:47] A80: Dutch Defence: Unusual White second moves.} (6... Nc6 $11) 7. a3 (7. Nge2 {keeps more tension.} Nb4 8. Nf4 Qd7 9. Bb5) 7... c6 {[%emt 0:00:19] [#]} 8. Nce2 $146 ({Predecessor:} 8. Qf3 Qd7 9. h3 Nc7 10. Nge2 g6 11. Nf4 Bd6 12. O-O-O O-O-O 13. Rdg1 Kb8 14. g4 fxg4 15. hxg4 {0-1 (35) Semenova,I (2128)-Lukovnikov,A (2355) Voronezh 2005}) 8... Bd6 {[%emt 0:00:13] White has an edge.} 9. Nf3 Nc7 10. c3 Qd7 11. Qc2 g6 12. b3 Qe7 13. Qc1 O-O 14. O-O b6 15. c4 Rac8 16. Qb2 (16. c5 $5 bxc5 17. dxc5 Bxc5 18. b4 $11) 16... dxc4 17. bxc4 c5 18. d5 Bd7 19. Qc2 {[%emt 0:00:31] [#]} (19. Rfe1 $11) 19... h5 (19... Nxd5 $1 $15 20. cxd5 c4) 20. Rae1 Qh7 21. h4 (21. Nc3 $5 ) 21... Rce8 22. Nc3 Qh6 23. e4 Qf4 24. exf5 Bxf5 25. Bxf5 (25. Ne4 $1 $16 Bxe4 26. Bxe4) 25... gxf5 $11 26. Qd3 Kf7 27. g3 Qg4 {[%emt 0:00:08][%cal Od6g3] Strongly threatening ...Bxg3!} 28. Nh2 Qg6 29. Kh1 Rg8 30. Rg1 Re5 31. Ne2 ({Much worse is} 31. Nf3 Rxe1 32. Rxe1 Qg4 $11) 31... Re4 {[%emt 0:00:10] Inhibits Nf4.} 32. Nc3 Re5 33. Nf3 (33. a4 $16) 33... Ree8 34. Rxe8 Rxe8 35. Nh2 Re5 (35... f4 $11 36. Qxg6+ Kxg6) 36. Qf3 Re8 37. Nf1 {[%emt 0:00:07] Black must now prevent Ne3.} Qg4 38. Qxg4 fxg4 39. Ne3 Kg6 40. a4 f5 41. Nb5 Nxb5 42. axb5 {[%emt 0:00:08][%mdl 4096] Endgame KRB-KRN} f4 43. gxf4 Bxf4 44. Ng2 Re4 (44... Bb8 $15) 45. Rd1 (45. Nxf4+ $11 Rxf4 46. Rc1) 45... Bd6 ({But not} 45... Rxc4 46. d6 Be5 47. d7 $16) 46. Ne3 (46. Rc1 $17) 46... Kf6 (46... Be7 $19 {has better winning chances.} 47. d6 Bxh4) 47. Kg2 {[%emt 0:00:13] [#]} (47. Rd3 $142) 47... Ke5 {[%emt 0:00:10] Black is more active.} (47... g3 $1 $17 {White should prevent ...gxf2.} 48. Ra1 gxf2 49. Kxf2 Bb8) 48. Re1 Be7 49. Ra1 (49. Kg3 $11 {keeps the balance.}) 49... Bxh4 ({Better is} 49... Rf4 $17 50. Rxa7 Bxh4) 50. Rxa7 (50. Rh1 $11 Bg5 51. Rxh5) 50... Bg5 (50... Rf4 $17 51. Rh7 Rxf2+ 52. Kg1 Kd4 53. Rxh5 Kxe3 54. Rxh4 Rf4) 51. d6 $2 (51. Ra8 $11 {and White stays safe.}) 51... Kxd6 $19 52. Nd5 Rxc4 53. Nxb6 {[%emt 0:00:02] [#]} Rb4 ({Black should try} 53... Rd4 $1 $17 {And now ...h4 would win.} 54. Nc8+ Ke6 55. Ra6+ Kd7 56. Nb6+ Ke7 57. Nc8+ Kd7 58. Nb6+ Ke8 59. Ra8+ Kf7 60. Ra7+ Ke6) 54. Nc8+ $2 {[%emt 0:00:11][%mdl 8192] This costs White the game.} (54. Rd7+ $11 {and White is okay.} Ke6 55. Rd5) 54... Ke5 {[%emt 0:00:34] Black is clearly winning.} 55. b6 (55. Rg7 $142 Kf6 56. Rd7) 55... h4 56. Ra1 h3+ 57. Kg1 Bf4 58. Re1+ Kd4 {[%emt 0:00:07] Threatens to win with ...c4.} 59. Rd1+ Ke4 60. Nd6+ Bxd6 61. Rxd6 c4 62. Kf1 Rb1+ 63. Ke2 h2 64. Re6+ Kd5 {[%emt 0:00:06] Weighted Error Value: White=0.72/Black=0.26 (precise)} 0-1

[Event "1st Anfield Cup 2022"]
[Site "Kyiv"]
[Date "2022.09.25"]
[Round "9.5"]
[White "Pavlov, Sergey"]
[Black "Skliarov, Viktor"]
[Result "1-0"]
[ECO "A46"]
[WhiteElo "2333"]
[BlackElo "2384"]
[Annotator "TA"]
[PlyCount "141"]
[EventDate "2022.09.20"]
[EventType "swiss"]
[EventCountry "UKR"]
[SourceTitle "playchess.com"]
[Source "ChessBase"]
[SourceQuality "1"]
[TimeControl "900+10"]

1. d4 Nf6 2. Nf3 e6 3. e3 b6 4. Bd3 Bb7 5. O-O Be7 6. c4 O-O 7. Nc3 c5 8. d5 exd5 9. cxd5 d6 10. e4 a6 11. a4 {[%emt 0:00:38] E14: Queen's Indian: Classical Variation (4 e3).} Qc7 12. Re1 Nbd7 13. h3 {[%emt 0:01:23] White is better.} Ne5 14. Nxe5 dxe5 15. b3 Ne8 {[#]} 16. Be3 $146 ({Predecessor:} 16. Bb2 Nd6 17. Nb1 f6 18. Na3 Bc8 19. Qd2 Rb8 20. Rac1 Qa7 21. Qe3 Bd7 22. Kh1 {0-1 (47) Cori Tello,D (2434)-Ortiz Suarez,I (2609) Barcelona 2013}) 16... Nd6 17. Rc1 (17. Qg4 {keeps more tension.} a5 18. Rac1 Bf6 19. f4) 17... Rfc8 18. Nb1 Qd8 19. Na3 Bg5 20. Bxg5 Qxg5 21. Nc4 Nxc4 22. bxc4 Rd8 (22... Rcb8 $1 $14) 23. Rb1 $16 Rd6 (23... Bc8 $16 {was necessary.}) 24. a5 $1 $18 Bc8 25. axb6 Bxh3 26. Qf3 ({White should play} 26. Bf1 $18 {Hoping for Qd3.} Rb8 27. b7) 26... Rh6 $16 27. Qg3 ({Better is} 27. Be2 $16) 27... Qe7 $2 (27... Qxg3 $1 $11 {and Black is okay.} 28. fxg3 Bd7) 28. Bf1 ({Not} 28. gxh3 Rg6 $15) (28. f4 $18) 28... Rb8 29. f4 ({Worse is} 29. gxh3 Rg6 $15) (29. b7 $16) 29... Bc8 30. fxe5 {[%emt 0:00:06][%cal Oe5e6] Black must now prevent e6!} (30. b7 {feels hotter.} Rxb7 31. Rxb7 Qxb7 32. fxe5 Rb6 33. Qg5) 30... Rhxb6 31. Rxb6 Rxb6 32. Qf4 (32. Be2 $16) 32... h6 (32... a5 $14) 33. Ra1 Rg6 (33... Qc7 $142) 34. Be2 (34. Rb1 $142 $1) 34... Rg5 35. e6 fxe6 {[%emt 0:00:20] [#]} 36. Qb8 $1 {[%emt 0:00:01][%csl LRa6,LRc8] White is more active.} Qf6 $2 37. Qxc8+ $18 {White is clearly winning.} Kh7 38. Rf1 Qd4+ 39. Rf2 Rg6 40. Qc7 e5 41. Qa5 Rf6 42. Qe1 a5 43. Bf3 a4 44. Qd2 Qxc4 (44... Qxd2 $142 45. Rxd2 a3) 45. d6 Qd4 46. d7 (46. Qxd4 $142 cxd4 47. d7) 46... Rd6 47. Qxd4 cxd4 {[%emt 0:00:16][%mdl 4096] Endgame [#] KRB-KR} 48. Bg4 $1 a3 49. Rf8 (49. Bf5+ $142 Kg8 50. Kf1) 49... a2 50. Ra8 h5 51. Bxh5 Rxd7 52. Rxa2 Kh6 53. Be2 Kg5 54. Kf2 Rf7+ 55. Bf3 Rf6 56. Ra5 Re6 57. g3 Kf6 58. Be2 Re7 59. Ra6+ Kg5 60. Bd3 (60. Rc6 $142 Rf7+ 61. Kg2) 60... Rf7+ 61. Kg2 {[%emt 0:00:01] And now Re6 would win.} Re7 {[%emt 0:00:03] Against Re6} 62. Rc6 Re8 63. Bc4 {[%emt 0:00:27] Strongly threatening Re6.} Ra8 64. Re6 Ra5 65. Bd5 d3 66. Rxe5+ Kh6 67. Re6+ Kg5 68. Rd6 d2 69. Bb3 Ra3 70. Bd1 Re3 71. Bf3 {[%emt 0:00:23] Weighted Error Value: White=0.37/Black=0.36} 1-0

[Event "1st Anfield Cup 2022"]
[Site "Kyiv"]
[Date "2022.09.25"]
[Round "9.6"]
[White "Golichenko, Ilija"]
[Black "Petrov, Vladimir Sergeev"]
[Result "1-0"]
[ECO "A90"]
[WhiteElo "2413"]
[BlackElo "2349"]
[Annotator "TA"]
[PlyCount "41"]
[EventDate "2022.09.20"]
[EventType "swiss"]
[EventCountry "UKR"]
[SourceTitle "playchess.com"]
[Source "ChessBase"]
[SourceQuality "1"]
[TimeControl "900+10"]

1. d4 e6 2. c4 f5 3. g3 Nf6 4. Bg2 c6 5. Nh3 Be7 6. O-O {[%emt 0:00:03] A91: Classical Dutch: Early Deviations.} O-O 7. Nd2 d6 8. e4 {[%emt 0:00:18] The position is equal.} fxe4 9. Nxe4 Nxe4 10. Bxe4 d5 11. Bc2 $36 {[%emt 0:03:17][%mdl 2048] [#] And now Qh5 would win. White is more active.} Nd7 $146 ({Weaker is} 11... e5 {[#]} 12. dxe5 $1 Qe8 13. Ng5 (13. Qd3 Bf5 $15) 13... Bxg5 14. Bxg5 $18) ({Predecessor:} 11... Bf6 12. Nf4 g6 13. Bb3 Na6 14. Re1 Nc7 15. Be3 dxc4 16. Bxc4 Nd5 17. Qb3 Qb6 {0-1 (42) Kadimova,I (2328)-Pytel,K (2385) Belgium 2006}) 12. Qd3 Nf6 ({Black should try} 12... g6 $1 $14) 13. Ng5 $16 {[%emt 0:00:08][%cal Rg5h7] White is more active.} dxc4 14. Qxc4 Qd5 15. Qd3 Rd8 (15... Qb5 $16) 16. Nxh7 $18 {[%emt 0:00:54] [#] Qg6 is the strong threat.} Qxd4 $2 (16... Qf5) 17. Nxf6+ {[%emt 0:01:01] White is clearly winning.} Qxf6 18. Qh7+ Kf8 19. Qh8+ Kf7 20. Qh5+ Kf8 21. Bg6 {[%emt 0:00:05] Weighted Error Value: White=0.06 (flawless) /Black=0.33} 1-0